 Dungeon Crawl Stone Soup version 0.28.0-45-g0d030f2227 (webtiles) character file.

Game seed: 14257175635604253515

21 NinjaNoafa the Magician (level 2, 0/19 HPs)
             Began as a Demonspawn Hedge Wizard on Apr 15, 2022.
             Slain by a kobold
             ... wielding a +2 short sword of electrocution
              (12 damage)
             ... on level 1 of the Dungeon.
             The game lasted 00:02:07 (1040 turns).

NinjaNoafa the Magician (Demonspawn Hedge Wizard)   Turns: 1040, Time: 00:02:07

Health: 0/19       AC:  5    Str: 10    XL:     2   Next: 65%
Magic:  5/6        EV: 12    Int: 15    God:
Gold:   65         SH:  0    Dex: 12    Spells: 6/7 levels left

rFire   . . .      SeeInvis .   a - +0 dagger
rCold   . . .      Faith    .   (no shield)
rNeg    . . .      Spirit   .   b - +0 robe
rPois   .          Reflect  .   c - +0 hat
rElec   .          Harm     .   (no cloak)
rCorr   .          Rampage  .   (no gloves)
Will    .....                   i - +0 pair of boots
Stlth   ++........              (no amulet)
HPRegen 0.06/turn               (no ring)
MPRegen 0.10/turn               (no ring)

@: brilliant
A: yellow scales 1
a: no special abilities


You were on level 1 of the Dungeon.
You visited 1 branch of the dungeon, and saw 1 of its levels.

You collected 65 gold pieces.

Inventory:

Hand Weapons
 a - a +0 dagger (weapon)
Missiles
 e - 60 stones
Armour
 b - a +0 robe (worn)
 c - a +0 hat (worn)
 i - a +0 pair of boots (worn)
Scrolls
 d - a scroll of teleportation {unknown}
 g - a scroll of noise {unknown}
 j - a scroll of immolation {unknown}


   Skills:
 * Level 2.2 Dodging
 - Level 1.7 Stealth
 + Level 3.1 Spellcasting
 + Level 1.3 Conjurations
 + Level 1.3 Summonings
 + Level 1.2 Translocations


You had 6 spell levels left.
You knew the following spells:

 Your Spells              Type           Power      Damage    Failure   Level
a - Magic Dart            Conj           36%        1d4       11%         1

Your spell library contained the following spells:

 Spells                   Type           Power      Damage    Failure   Level
 Call Imp                 Summ           9%         N/A       17%         2
 Blink                    Tloc           18%        N/A       19%         2
 Slow                     Hex            12%        N/A       21%         1
 Conjure Flame            Conj/Fire      6%         6-21      41%         3
 Mephitic Cloud           Conj/Pois/Air  5%         N/A       43%         3


Dungeon Overview and Level Annotations

Branches:
Dungeon (1/15)

Altars:


Innate Abilities, Weirdness & Mutations

You are partially covered in yellow scales. (AC +2)


Message History

You hit the giant cockroach.
You kill the giant cockroach!
You see here a giant cockroach corpse.
You open the door.
Found a faded altar of an unknown god.
There is an open door here.
You open the door.
There is an open door here.
There is an open door here.
There is an open door here.
You now have 65 gold pieces (gained 9).
A kobold comes into view.
It is wielding a +2 short sword of electrocution.
Found a pair of gloves.
A kobold comes into view. It is wielding a +0 dagger.
The kobold shouts!
You hit the kobold.
The kobold is moderately wounded.
The kobold hits you with a +2 short sword of electrocution.
The magic dart hits the kobold.
The kobold is severely wounded.
The kobold hits you with a +2 short sword of electrocution.
You are electrocuted!
Ouch! That really hurt!
* * * LOW HITPOINT WARNING * * *
You are too injured to fight recklessly!
You are too injured to fight recklessly!
It was a potion of brilliance.
You feel clever all of a sudden. The kobold barely misses you.
It was a potion of curing.
You feel better.
The kobold hits you with a +2 short sword of electrocution.
You are electrocuted!
Ouch! That really hurt!
You die...

#..#.#.#.#.#..#########.#
####.....#.#.............
#........#.##.####.......
#........#....# .......
..........##### .......
.............# ###.......
...........#.# #.K.......
...........#.# #K#....#.#
...........#.# #@#......#
#..........#.###.##....[.
#..........#.....# ..K...
##.........#####.# ......
#....#####.# ### .....
####.......####### .....
.....######......#
.................#
####.######......#
#########


You could see 2 kobolds.

Vanquished Creatures
  5 bats (D:1)
  4 endoplasms (D:1)
  A giant cockroach (D:1)
  2 goblins (D:1)
  A hobgoblin (D:1)
  2 ball pythons (D:1)
  2 frilled lizards (D:1)
  A rat (D:1)
18 creatures vanquished.

Notes
Turn   | Place    | Note
-------+----------+-------------------------------------------
     0 | D:1      | NinjaNoafa the Demonspawn Hedge Wizard began the quest for
                  | the Orb.
     0 | D:1      | Reached XP level 1. HP: 13/13 MP: 4/4
   263 | D:1      | Reached skill level 1 in Translocations
   382 | D:1      | Gained mutation: You are partially covered in yellow
                  | scales. (AC +2) [demonic ancestry]
   382 | D:1      | Reached XP level 2. HP: 16/19 MP: 3/6
   912 | D:1      | Found a faded altar of an unknown god.
  1040 | D:1      | Slain by a kobold

Illustrated notes

Levels and vault maps discovered:
D:1:      enne_arrival_octagon_isle, layout_basic,
          shapermc_ecumenical_altar_ellora

Skill      XL: |  1 |
---------------+----+-----
Translocations | 1 |  1.2
Dodging        | 2 |  2.2
Stealth        | |  1.7
Spellcasting   | |  3.1
Conjurations   | |  1.3
Summonings     | |  1.3

Action                   || total
-------------------------++-------
Melee: Dagger            ||    39
 Cast: Magic Dart        ||    33
  Use: Potion            ||     2
 Stab: Sleeping          ||     1
Armor: Robe              ||    33
Dodge: Dodged            ||    48
